Map: Hecate LE

Players

Ferulic

  • Race: Terran Terran
  • Spawn Location: 1:00

SubN - Winner!

  • Race: Zerg Zerg
  • League: Diamond
  • Spawn Location: 7:00

VOD

Have the link to the VOD?

Description

Time

  • Played on: Dec. 23, 2023, 12:15 a.m.
  • Length: 10:22
Show
View Real Time Build Order
Export as new Build Order

Ferulic Terran 

Build Orders: Reaper Expand, Mech 

Get SALT Encoding   

  12  0:00  SCV  
  13  0:12  SCV  
  14  0:17  Supply Depot  
  14  0:24  SCV  
  15  0:38  SCV  
  15  0:39  Barracks  
  16  0:43  Refinery  
  16  0:50  SCV  
  17  1:03  SCV  
  18  1:15  SCV  
  19  1:27  Reaper  
  19  1:28  Orbital Command  
  20  1:41  Command Center  
  20  1:52  Supply Depot  
  20  1:55  SCV  
  20  1:59  Marine  
  22  2:07  SCV  
  23  2:12  Factory  
  23  2:19  SCV  
  23  2:22  Barracks Reactor  
  24  2:31  SCV  
  25  2:41  Command Center  
  25  2:46  SCV  
  26  2:51  Refinery  
  26  2:58  Orbital Command  
  26  3:07  Starport  
  26  3:16  Hellion x2  
  26  3:18  Barracks Tech Lab  
  29  3:24  SCV x2  
  31  3:35  Orbital Command  
  21  3:48  SCV  
  22  3:56  Orbital Command  
  22  4:01  SCV x2  
  22  4:02  Barracks Tech Lab  
  26  4:11  Banshee  
  26  4:13  SCV  
  26  4:14  SCV  
  29  4:18  Hellion  
  31  4:24  SCV  
  31  4:25  SCV  
  31  4:26  SCV  
  31  4:30  Cloaking Field  
  34  4:33  Barracks Reactor  
  34  4:39  SCV x2  
  34  4:42  SCV  
  34  4:43  Hellion  
  39  4:50  Supply Depot  
  39  4:51  SCV x2  
  41  4:54  Hellion  
  41  4:57  Banshee  
  47  5:00  SCV  
  47  5:03  SCV  
  48  5:11  SCV  
  48  5:12  SCV  
  48  5:14  Refinery, Supply Depot  
  50  5:15  SCV  
  50  5:21  Factory  
  51  5:24  Barracks Reactor  
  51  5:27  Hellion  
  51  5:28  Hellion  
  55  5:34  Engineering Bay, SCV  
  56  5:42  SCV x2  
  57  5:45  Orbital Command  
  57  5:46  SCV  
  58  5:50  Factory  
  58  5:54  SCV  
  59  5:59  Hellion x2  
  63  6:05  Refinery  
  63  6:07  Hurricane Engines  
  63  6:11  SCV x3  
  66  6:17  Supply Depot  
  66  6:20  Refinery  
  66  6:21  Cyclone  
  68  6:26  SCV x2  
  68  6:29  Factory, Barracks Reactor  
  68  6:32  SCV  
  71  6:36  Refinery  
  71  6:37  Supply Depot  
  71  6:38  SCV  
  71  6:39  SCV  
  73  6:44  SCV  
  74  6:50  SCV  
  74  6:51  SCV  
  76  6:56  Factory, SCV  
  76  6:57  Supply Depot  
  76  7:00  Supply Depot x2  
  76  7:01  Starport Reactor  
  77  7:03  Supply Depot  
  72  7:12  SCV x3  
  72  7:15  Cyclone x2  
  79  7:19  Supply Depot  
  79  7:24  SCV x3  
  82  7:36  SCV  
  83  7:48  Cyclone, Siege Tank  
  88  7:51  Infernal Pre-Igniter  
  88  7:53  Siege Tank  
  88  7:57  Armory  
  89  8:04  Cyclone x2, Hellion x3  
  98  8:07  SCV x2  
  98  8:10  SCV  
  101  8:19  SCV, Barracks Reactor  
  102  8:20  Siege Tank  
  102  8:21  Hellion  
  102  8:25  Hellion x2  
  102  8:26  Hellion x2  
  115  8:28  Factory  
  115  8:30  Sensor Tower  
  115  8:40  Supply Depot, SCV  
  115  8:41  SCV  
  117  8:43  Supply Depot  
  117  8:53  Siege Tank  
  120  8:56  Cyclone x3, Hellion x3  
  120  9:02  Supply Depot  
  134  9:03  Supply Depot  
  134  9:05  Supply Depot  
  134  9:07  Siege Tank  
  135  9:16  Supply Depot  
  135  9:17  Cyclone, Hellion  
  135  9:18  Hellion, Command Center  
  135  9:22  SCV x3  
  144  9:25  Supply Depot  
  144  9:28  Supply Depot  
  129  10:01  Command Center  
  129  10:13  Command Center  
Show
View Real Time Build Order
Export as new Build Order

SubN Zerg - Winner!

Build Orders: Pool First 

Get SALT Encoding   

  12  0:00  Drone  
  13  0:12  Overlord  
  13  0:16  Drone  
  14  0:30  Drone x2  
  14  0:34  Drone  
  17  0:45  Drone  
  17  0:47  Extractor  
  17  0:52  Spawning Pool  
  16  1:11  Hatchery  
  16  1:15  Drone  
  16  1:19  Drone  
  16  1:21  Drone  
  18  1:27  Drone  
  19  1:39  Queen  
  21  1:44  Overlord  
  21  1:49  Drone  
  22  1:57  Metabolic Boost  
  22  2:03  Zergling x2  
  23  2:11  Zergling x2  
  24  2:19  Queen  
  26  2:23  Queen  
  28  2:37  Drone x4  
  32  2:44  Overlord  
  32  2:46  Overlord  
  32  2:50  Zergling x2  
  32  2:51  Zergling x4  
  35  3:02  Overlord  
  35  3:06  Zergling x2  
  35  3:17  Drone x3  
  38  3:26  Drone x3  
  38  3:27  Drone  
  42  3:40  Hatchery  
  39  3:47  Queen  
  39  3:49  Zergling x12  
  45  3:56  Drone x3  
  48  4:05  Roach Warren  
  48  4:06  Evolution Chamber  
  46  4:10  Drone x3, Evolution Chamber  
  46  4:16  Overlord  
  48  4:20  Overlord  
  48  4:22  Overlord  
  48  4:25  Drone x3  
  48  4:28  Drone  
  52  4:32  Extractor  
  51  4:39  Drone x3  
  51  4:42  Extractor  
  51  4:44  Extractor  
  52  4:53  Spore Crawler  
  52  4:54  Drone  
  52  5:00  Spore Crawler  
  52  5:01  Drone  
  52  5:02  Drone x3  
  52  5:03  Drone x2  
  57  5:07  Queen  
  57  5:11  Drone x3  
  57  5:13  Drone x3  
  65  5:15  Drone  
  65  5:16  Drone x2  
  65  5:18  Spore Crawler  
  65  5:19  Zerg Missile Weapons Level 1  
  65  5:42  Lair  
  65  5:49  Queen  
  65  5:51  Queen  
  65  5:52  Zerg Ground Armor Level 1  
  69  6:01  Drone x8  
  69  6:02  Drone x6  
  83  6:17  Roach x3  
  89  6:19  Overlord x3  
  89  6:23  Overlord  
  89  6:37  Extractor x2  
  89  6:38  Spore Crawler  
  86  6:48  Roach  
  86  6:49  Roach x8  
  101  7:18  Drone  
  101  7:21  Glial Reconstitution, Hydralisk Den  
  101  7:22  Zerg Missile Weapons Level 2  
  101  7:23  Roach  
  101  7:24  Roach x9  
  101  7:27  Ravager  
  101  7:29  Overseer  
  122  7:31  Overseer  
  122  7:32  Extractor  
  122  7:33  Hatchery  
  120  7:39  Roach  
  122  7:49  Overlord  
  122  7:50  Overlord x3  
  123  8:03  Hatchery  
  122  8:08  Hydralisk x8  
  138  8:22  Overseer  
  138  8:29  Overlord x5  
  138  8:36  Overseer  
  138  8:40  Overseer  
  138  8:51  Drone  
  138  8:52  Hydralisk x9  
  157  8:57  Overseer  
  157  8:58  Overseer  
  157  9:05  Drone x6  
  163  9:16  Overlord  
  163  9:18  Drone x7  
  162  9:49  Drone x2  
  162  9:50  Drone x3  
  162  9:52  Extractor  
  168  9:54  Extractor, Spore Crawler  
  166  10:05  Infestation Pit  
Tags
 
Composition
Mech
League
Diamond
Matchup
TvZ
Replay Pack
2025 replay dump
Spawn Locations
Cross Positions
Add a new tag
Caveats
  • Supply blocks, unpowered buildings, or Contaminate may cause inaccurate times.
  • Supply counts are checked every 10 seconds.